 Dungeon Crawl Stone Soup version 0.31-a0-210-gccc998df9b (webtiles) character file.

Game seed: 6033245677417729873

28373 qw the Marksgargoyle (level 13, -3/84 HPs)
             Began as a Gargoyle Hexslinger on June 29, 2023.
             Was a High Priest of Okawaru.
             Slain by an eight-headed hydra (12 damage)
             ... on level 4 of the Lair of Beasts.
             The game lasted 00:04:41 (10866 turns).

qw the Marksgargoyle (Gargoyle Hexslinger)         Turns: 10866, Time: 00:04:41

Health: -3/84      AC: 24    Str: 24    XL:     13   Next: 38%
Magic:  20/20      EV: 21    Int: 15    God:    Okawaru [*****.]
Gold:   470        SH:  0    Dex: 23    Spells: 13/14 levels left

rFire   + . .        a - +5 orcbow of Eternal Harmony {freeze, Dex+7}
rCold   . . .        (shield currently unavailable)
rNeg    + . .        h - +2 leather armour {rF+}
rPois   inf          v - +1 hat
rElec   +            g - +0 cloak
rCorr   .            s - +2 pair of gloves
SInv    .            l - +1 pair of boots
Will    .....        (no amulet)
Stlth   +++          r - +6 ring of strength
HPRegen 0.34/turn    q - +6 ring of strength
MPRegen 0.17/turn

%: no passive effects
@: about to teleport, heroic
A: sickness immunity, AC +9, negative energy resistance 1, electricity
resistance, torment resistance 1, petrification resistance
a: Renounce Religion, Heroism, Finesse, Duel


You were on level 4 of the Lair of Beasts.
You worshipped Okawaru.
Okawaru was extremely pleased with you.
You visited 3 branches of the dungeon, and saw 14 of its levels.

You collected 592 gold pieces.
You spent 122 gold pieces at shops.


Innate Abilities, Weirdness & Mutations

You are immune to sickness and miasma.
Your stone body is resilient. (AC +9)
You are immune to poison.
You resist negative energy. (rN+)
You are resistant to electric shocks. (rElec)
You are resistant to unholy torment.
You are immune to petrification.


   Skills:
 - Level 11.0(16.0) Fighting
 - Level 16.0(21.0) Ranged Weapons
 - Level 4.3(9.3) Armour
 + Level 6.1(11.1) Dodging
 - Level 1.0 Spellcasting
 - Level 2.6 Hexes
 - Level 10.0 Invocations


You had 13 spell levels left.
You knew the following spells:

 Your Spells              Type           Power      Damage    Failure   Level
a - Slow                  Hex            32%        N/A       9%          1

Your spell library contained the following spells:

 Spells                   Type           Power      Damage    Failure   Level
 Inner Flame              Hex/Fire       4%         N/A       43%         3
 Portal Projectile        Hex/Tloc       8%         N/A       43%         3
 Cause Fear               Hex            4%         N/A       65%         4

Inventory:

Hand Weapons
 a - the +5 orcbow of Eternal Harmony (weapon) {freeze, Dex+7}
   (You acquired it on level 2 of the Dungeon)

   Dex:       It affects your dexterity (+7).
Armour
 d - +0 steam dragon scales
 g - a +0 cloak (worn)
 h - a +2 leather armour of fire resistance (worn)
 l - a +1 pair of boots (worn)
 o - +0 acid dragon scales
 p - the scarf "Zeumpe Xoeph" {repulsion, -Tele Rampage rN+ Dex+3}
   (You acquired it on level 5 of the Dungeon)

   Dex:       It affects your dexterity (+3).
   rN:        It protects you from negative energy.
   -Tele:     It prevents most forms of teleportation.
   Rampage:   It bestows one free step when moving towards enemies.
 s - a +2 pair of gloves (worn)
 v - a +1 hat (worn)
Jewellery
 q - a +6 ring of strength (right hand)
 r - a +6 ring of strength (left hand)
Wands
 k - a wand of digging (12)
Scrolls
 c - 2 scrolls of teleportation
 j - a scroll of identify
Potions
 b - 2 potions of mutation
 e - 7 potions of curing
 f - 4 potions of enlightenment
 n - a potion of might
 t - a potion of resistance
 u - a potion of cancellation {unknown}

Dungeon Overview and Level Annotations

Branches:
Dungeon (9/15)             Temple (1/1) D:5            Lair (4/5) D:9
 Shoals (0/4) Lair:3       Spider (0/4) Lair:3
  Slime: Lair:4-5       Orc: D:9-12

Altars:
Ashenzari
Cheibriados
Dithmenos
Elyvilon
Fedhas
Gozag
Hepliaklqana
Kikubaaqudgha
Makhleb
Nemelex Xobeh
Okawaru
Qazlal
Ru
Trog
Uskayaw
Vehumet
Wu Jian
Xom
Yredelemnul
Zin
The Shining One

Shops:
D:4 *(


Message History

The arrow closely misses the blink frog.
The eight-headed hydra closely misses you.
The eight-headed hydra misses you.
The eight-headed hydra bites you but does no damage. x2
The eight-headed hydra completely misses you.
The eight-headed hydra bites you.
The eight-headed hydra bites you but does no damage.
The eight-headed hydra closely misses you.
The blink frog misses you.
You shoot an arrow. The arrow barely misses the blink frog.
The blink frog completely misses you. The eight-headed hydra bites you.
The eight-headed hydra misses you.
The eight-headed hydra closely misses you.
The eight-headed hydra barely misses you.
The eight-headed hydra bites you but does no damage.
The eight-headed hydra bites you.
The eight-headed hydra bites you but does no damage. x2
10864 ||| READING 3 scrolls of teleportation.
As you read the scroll of teleportation, it crumbles to dust.
You feel strangely unstable. The blink frog completely misses you.
The eight-headed hydra bites you. The eight-headed hydra misses you.
The eight-headed hydra closely misses you.
The eight-headed hydra bites you.
The eight-headed hydra completely misses you.
The eight-headed hydra bites you.
The eight-headed hydra barely misses you.
The eight-headed hydra bites you but does no damage.
You shoot an arrow. The arrow hits the blink frog!
The arrow freezes the blink frog.
You kill the blink frog!
Okawaru accepts your kill.
You shoot an arrow. The arrow hits the eight-headed hydra!
The eight-headed hydra seems to slow down.
The arrow freezes the eight-headed hydra.
The eight-headed hydra is moderately wounded.
The eight-headed hydra misses you.
The eight-headed hydra barely misses you.
The eight-headed hydra bites you!
You die...

.....................
......<..............
....................# #
[...................##..
........................
........................
....................$...
.%..............%.......
................@%.%....
.................D...)..
.....[.............#....
........................
........................
..##....................
....#.................#.
....#..................
.......................


You could see an eight-headed hydra (slow).

Vanquished Creatures
  Erica (D:9)
  A catoblepas (Lair:4)
  4 black mambas
  8 elephants
  A merfolk siren (Lair:3)
  10 cane toads
  3 komodo dragons
  Grinder (D:4)
  A polar bear (Lair:3)
  A hornet (D:8)
  21 blink frogs
  A tarantella (Lair:3)
  Prince Ribbit (D:5)
  A wraith (D:8)
  50 yaks
  2 wyverns
  A basilisk (Lair:1)
  5 steam dragons
  Edmund (D:4)
  2 acid dragons (D:9)
  13 water moccasins
  A sky beast (D:5)
  3 ice beasts
  3 black bears
  An ogre (D:6)
  6 wolves (Lair:2)
  A centaur (D:7)
  3 kobold brigands
  2 phantoms (D:4)
  19 bullfrogs
  3 scorpions
  9 wights
  5 howler monkeys
  A jelly (D:6)
  3 orc priests
  2 orc wizards
  6 iguanas
  5 gnolls
  5 adders
  2 shadow imps
  A white imp (D:6)
  2 ufetubi
  A worm (D:2)
  A dart slug (D:4)
  30 orcs
  4 endoplasms
  3 giant cockroaches
  6 goblins
  8 hobgoblins
  12 jackals
  21 kobolds
  5 quokkas
  7 ball pythons
  4 frilled lizards
  5 rats
319 creatures vanquished.

Notes
Turn   | Place    | Note
-------+----------+-------------------------------------------
     0 | D:1      | qw the Gargoyle Hexslinger began the quest for the Orb.
     0 | D:1      | Reached XP level 1. HP: 12/12 MP: 2/2
     0 | D:1      | 0 ||| qw: Version: 0.3-a-24-ga2abf7b
     0 | D:1      | 0 ||| qw: Game counter: 6882
     0 | D:1      | 0 ||| qw: Melee chars always use a shield: true
     0 | D:1      | 0 ||| qw: God list: Okawaru
     0 | D:1      | 0 ||| qw: Allow faded altars: false
     0 | D:1      | 0 ||| qw: Do Orc after clearing Dungeon:15 true
     0 | D:1      | 0 ||| qw: Do second Lair branch before Depths: true
     0 | D:1      | 0 ||| qw: Lair rune preference: random
     0 | D:1      | 0 ||| qw: Goals: Normal
     0 | D:1      | 0 ||| PLANNING D:1-11
   581 | D:1      | Reached XP level 2. HP: 16/16 MP: 3/3
   852 | D:1      | 852 ||| READING scroll labelled ESHROG KYIWEEWN.
   853 | D:1      | 853 ||| READING 3 scrolls labelled MEPTOEXKUX.
   854 | D:1      | 854 ||| READING scroll labelled OPHUACWACLE.
   855 | D:1      | 855 ||| READING scroll labelled YKIUCI BADA.
   856 | D:1      | 856 ||| READING scroll labelled LIF ECROEMEX.
   857 | D:1      | 857 ||| READING scroll labelled ISAYSUIPL ARPHYUTS.
   858 | D:1      | 858 ||| DRINKING 2 pink potions.
   859 | D:1      | 859 ||| DROPPING scroll of poison.
   860 | D:1      | 860 ||| DROPPING potion of attraction.
   861 | D:1      | 861 ||| DROPPING 2 scrolls of amnesia.
   936 | D:2      | Reached skill level 3 in Ranged Weapons
  1187 | D:2      | Reached XP level 3. HP: 21/21 MP: 4/4
  1657 | D:2      | 1657 ||| UPGRADING to +0 cloak.
  1662 | D:2      | 1662 ||| READING scroll labelled IBO MURHIJ RACI.
  1662 | D:2      | Identified a scroll of acquirement
  1662 | D:2      | 1662 ||| ACQUIRING +5 orcbow of Eternal Harmony {freeze,
                  | Dex+7}
  1662 | D:2      | Acquired the +5 orcbow of Eternal Harmony {freeze, Dex+7}
  1664 | D:2      | 1664 ||| SWAPPING to +5 orcbow of Eternal Harmony {freeze,
                  | Dex+7}.
  1665 | D:2      | 1665 ||| DROPPING +2 sling.
  1666 | D:2      | 1666 ||| READING 3 scrolls labelled GAB BEUREPRENE.
  1667 | D:2      | 1667 ||| READING scroll labelled MAOHEMA KISOIT.
  1668 | D:2      | 1668 ||| DRINKING 2 green potions.
  1669 | D:2      | 1669 ||| DRINKING 2 grey potions.
  1670 | D:2      | 1670 ||| DROPPING 2 scrolls of butterflies.
  1812 | D:3      | Reached skill level 4 in Ranged Weapons
  1812 | D:3      | Reached XP level 4. HP: 26/26 MP: 5/5
  2387 | D:3      | 2387 ||| UPGRADING to +0 leather armour.
  2397 | D:3      | 2397 ||| DROPPING +0 robe.
  2398 | D:3      | 2398 ||| UPGRADING to +0 ring mail.
  2408 | D:3      | 2408 ||| DROPPING +0 leather armour.
  2409 | D:3      | 2409 ||| UPGRADING to +0 pair of boots.
  2414 | D:3      | 2414 ||| DROPPING ring of flight.
  2467 | D:4      | Reached skill level 1 in Armour
  2467 | D:4      | Reached XP level 5. HP: 30/30 MP: 6/6
  2480 | D:4      | Noticed Grinder
  2485 | D:4      | Paralysed by Grinder for 3 turns
  2491 | D:4      | Killed Grinder
  2492 | D:4      | Reached skill level 6 in Ranged Weapons
  2492 | D:4      | Reached XP level 6. HP: 13/35 MP: 7/7
  2624 | D:4      | Reached skill level 3 in Fighting
  2624 | D:4      | Reached XP level 7. HP: 42/42 MP: 8/8
  2717 | D:4      | Found a basalt altar of Yredelemnul.
  2751 | D:4      | Found Bovu's Weapon Shop.
  2771 | D:4      | Found Wyahyp's Assorted Antiques.
  2781 | D:4      | 2781 ||| BUYING curved ivory wand (100 gold).
  2781 | D:4      | Bought a curved ivory wand for 100 gold pieces
  2781 | D:4      | 2781 ||| SHOPLISTING dyed leather armour (125 gold, have
                  | 36).
  2781 | D:4      | 2781 ||| SHOPLISTING encrusted bronze ring (125 gold, have
                  | 36).
  2781 | D:4      | 2781 ||| BUYING ruby potion (22 gold).
  2781 | D:4      | Bought a ruby potion for 22 gold pieces
  3044 | D:4      | Noticed Edmund
  3057 | D:4      | Killed Edmund
  3058 | D:4      | Reached skill level 7 in Ranged Weapons
  3318 | D:4      | 3318 ||| UPGRADING to +0 pair of gloves.
  3323 | D:4      | 3323 ||| READING scroll labelled ZUJUGG INOKEHA.
  3424 | D:4      | 3424 ||| READING scroll labelled REBLOI IPTUTE.
  3429 | D:4      | 3429 ||| DRINKING 2 inky potions.
  3451 | D:5      | Entered Level 5 of the Dungeon
  3525 | D:5      | 3525 ||| READING scroll of acquirement.
  3525 | D:5      | 3525 ||| ACQUIRING scarf "Zeumpe Xoeph" {repulsion, -Tele
                  | Rampage rN+ Dex+3}
  3525 | D:5      | Acquired the scarf "Zeumpe Xoeph" {repulsion, -Tele Rampage
                  | rN+ Dex+3}
  3556 | D:5      | Noticed Prince Ribbit
  3561 | D:5      | Killed Prince Ribbit
  3562 | D:5      | Reached skill level 3 in Armour
  3562 | D:5      | Reached XP level 8. HP: 48/48 MP: 9/9
  3581 | D:5      | Identified the +3 war axe of a volcano {spect, rElec Int+2}
  3616 | D:5      | 3616 ||| READING scroll of enchant armour.
  3616 | D:5      | 3616 ||| ENCHANTING +0 pair of gloves.
  3646 | D:5      | Found a stormy altar of Qazlal.
  3697 | D:5      | Reached skill level 8 in Ranged Weapons
  3737 | D:5      | Found a staircase to the Ecumenical Temple.
  3738 | D:5      | 3738 ||| PLANNING TEMPLE
  3738 | D:5      | 3738 ||| UPGRADING to +6 ring of strength.
  3739 | D:5      | 3739 ||| READING 2 scrolls of identify.
  3739 | D:5      | 3739 ||| IDENTIFYING fuming golden potion
  3749 | Temple   | Entered the Ecumenical Temple
  3831 | Temple   | 3831 ||| PLANNING OKAWARU WORSHIP
  4046 | Temple   | Became a worshipper of Warmaster Okawaru
  4047 | Temple   | 4047 ||| PLANNING D:1-11
  4248 | D:5      | Found a broken altar of Ashenzari.
  4292 | D:5      | 4292 ||| FLEEEEING.
  4293 | D:5      | 4293 ||| FLEEEEING.
  4320 | D:5      | 4320 ||| READING scroll labelled CUMPUZXISK.
  4387 | D:6      | Reached skill level 9 in Ranged Weapons
  4398 | D:6      | Reached XP level 9. HP: 41/54 MP: 10/10
  4590 | D:6      | Reached skill level 3 in Dodging
  4614 | D:6      | Reached * piety under Okawaru
  4624 | D:6      | 4624 ||| INVOKING Heroism.
  4673 | D:6      | Reached skill level 6 in Fighting
  5030 | D:6      | 5030 ||| INVOKING Heroism.
  5031 | D:6      | 5031 ||| INVOKING Heroism.
  5066 | D:6      | 5066 ||| FLEEEEING.
  5070 | D:6      | 5070 ||| FLEEEEING.
  5071 | D:6      | 5071 ||| FLEEEEING.
  5072 | D:6      | 5072 ||| FLEEEEING.
  5073 | D:6      | 5073 ||| FLEEEEING.
  5074 | D:6      | 5074 ||| FLEEEEING.
  5075 | D:6      | 5075 ||| FLEEEEING.
  5077 | D:6      | 5077 ||| FLEEEEING.
  5078 | D:6      | 5078 ||| FLEEEEING.
  5079 | D:6      | 5079 ||| FLEEEEING.
  5080 | D:6      | 5080 ||| FLEEEEING.
  5081 | D:6      | 5081 ||| FLEEEEING.
  5082 | D:6      | 5082 ||| FLEEEEING.
  5083 | D:6      | 5083 ||| FLEEEEING.
  5084 | D:6      | 5084 ||| FLEEEEING.
  5085 | D:6      | 5085 ||| FLEEEEING.
  5086 | D:6      | 5086 ||| FLEEEEING.
  5087 | D:6      | 5087 ||| FLEEEEING.
  5088 | D:6      | 5088 ||| FLEEEEING.
  5090 | D:6      | 5090 ||| FLEEEEING.
  5091 | D:6      | 5091 ||| FLEEEEING.
  5092 | D:6      | 5092 ||| FLEEEEING.
  5093 | D:6      | 5093 ||| FLEEEEING.
  5094 | D:6      | 5094 ||| FLEEEEING.
  5200 | D:6      | 5200 ||| READING scroll labelled XAEBLESOFY.
  5241 | D:7      | Reached skill level 10 in Ranged Weapons
  5244 | D:7      | Reached skill level 1 in Invocations
  5245 | D:7      | 5245 ||| INVOKING Heroism.
  5247 | D:7      | HP: 7/56 [yak (13)]
  5248 | D:7      | 5248 ||| READING 2 scrolls of teleportation.
  5248 | D:7      | HP: 1/56 [yak (7)]
  5249 | D:7      | 5249 ||| DRINKING potion of heal wounds.
  5392 | D:7      | Reached skill level 3 in Invocations
  5412 | D:7      | Found a basalt altar of Yredelemnul.
  5652 | D:7      | 5652 ||| INVOKING Heroism.
  5653 | D:7      | 5653 ||| Stepping ~*~*~tactically~*~*~ (cloud).
  5736 | D:7      | Reached XP level 10. HP: 63/63 MP: 13/13
  5798 | D:7      | Found a white marble altar of Elyvilon.
  5894 | D:7      | 5894 ||| UPGRADING to +0 steam dragon scales.
  5904 | D:7      | 5904 ||| DROPPING +0 ring mail.
  5905 | D:7      | 5905 ||| UPGRADING to +2 pair of gloves.
  5915 | D:7      | 5915 ||| DROPPING +1 pair of gloves.
  5916 | D:7      | 5916 ||| READING 4 scrolls of identify.
  5916 | D:7      | 5916 ||| IDENTIFYING sedimented pink potion
  5917 | D:7      | 5917 ||| READING 3 scrolls of identify.
  5917 | D:7      | 5917 ||| IDENTIFYING glowing ruby potion
  5918 | D:7      | 5918 ||| READING 2 scrolls of identify.
  5918 | D:7      | 5918 ||| IDENTIFYING ruby potion
  5919 | D:7      | 5919 ||| DROPPING potion of invisibility.
  5920 | D:7      | 5920 ||| DROPPING potion of brilliance.
  6041 | D:8      | 6041 ||| INVOKING Heroism.
  6124 | D:8      | 6124 ||| INVOKING Heroism.
  6149 | D:8      | 6149 ||| INVOKING Heroism.
  6171 | D:8      | 6171 ||| INVOKING Heroism.
  6182 | D:8      | Reached skill level 11 in Ranged Weapons
  6258 | D:8      | 6258 ||| Stepping ~*~*~tactically~*~*~ (outnumbered).
  6260 | D:8      | 6260 ||| Stepping ~*~*~tactically~*~*~ (outnumbered).
  6262 | D:8      | 6262 ||| Stepping ~*~*~tactically~*~*~ (outnumbered).
  6271 | D:8      | 6271 ||| Stepping ~*~*~tactically~*~*~ (outnumbered).
  6312 | D:8      | 6312 ||| INVOKING Heroism.
  6361 | D:8      | Reached ** piety under Okawaru
  6774 | D:8      | 6774 ||| UPGRADING to +2 leather armour of fire resistance.
  6784 | D:8      | 6784 ||| DRINKING 3 bubbling clear potions.
  6823 | D:8      | 6823 ||| DROPPING 2 potions of lignification.
  6838 | D:9      | 6838 ||| STAIRDANCE
  6880 | D:9      | 6880 ||| STAIRDANCE
  6933 | D:9      | Found a staircase to the Lair.
  6976 | D:9      | Reached skill level 12 in Ranged Weapons
  7017 | D:9      | Noticed Erica
  7018 | D:9      | 7018 ||| INVOKING Heroism.
  7019 | D:9      | 7019 ||| Stepping ~*~*~tactically~*~*~ (outnumbered).
  7028 | D:9      | Killed Erica
  7028 | D:9      | Reached *** piety under Okawaru
  7029 | D:9      | Reached XP level 11. HP: 52/68 MP: 12/14
  7037 | D:9      | 7037 ||| FLEEEEING.
  7038 | D:9      | 7038 ||| Stepping ~*~*~tactically~*~*~ (outnumbered).
  7046 | D:9      | 7046 ||| FLEEEEING.
  7047 | D:9      | 7047 ||| FLEEEEING.
  7048 | D:9      | 7048 ||| FLEEEEING.
  7049 | D:9      | 7049 ||| FLEEEEING.
  7050 | D:9      | 7050 ||| STAIRDANCE
  7091 | D:9      | 7091 ||| Stepping ~*~*~tactically~*~*~ (outnumbered).
  7390 | D:9      | 7390 ||| PLANNING LAIR
  7390 | D:9      | 7390 ||| UPGRADING to ring of positive energy.
  7391 | D:9      | 7391 ||| UPGRADING to +6 ring of strength.
  7393 | D:9      | 7393 ||| DROPPING ring of positive energy.
  7416 | Lair:1   | Entered Level 1 of the Lair of Beasts
  7417 | Lair:1   | 7417 ||| PLANNING GAUNTLET
  7417 | Lair:1   | 7417 ||| INVOKING Heroism.
  7426 | Lair:1   | Reached skill level 13 in Ranged Weapons
  7476 | Lair:1   | Reached **** piety under Okawaru
  7550 | Lair:1   | Received a gift from Okawaru
  7556 | Lair:1   | 7556 ||| INVOKING Heroism.
  7569 | Lair:1   | Reached skill level 9 in Fighting
  7681 | Lair:1   | 7681 ||| INVOKING Heroism.
  7813 | Lair:1   | 7813 ||| READING scroll of enchant armour.
  7813 | Lair:1   | 7813 ||| ENCHANTING +0 pair of boots.
  7860 | Lair:1   | 7860 ||| INVOKING Heroism.
  7936 | Lair:1   | 7936 ||| RIP GAUNTLET
  7937 | Lair:1   | 7937 ||| PLANNING LAIR
  7982 | Lair:1   | Reached skill level 6 in Invocations
  8019 | Lair:1   | Reached ***** piety under Okawaru
  8150 | Lair:1   | 8150 ||| INVOKING Heroism.
  8487 | Lair:1   | 8487 ||| READING scroll labelled MOMYARHASU.
  8601 | Lair:2   | 8601 ||| INVOKING Heroism.
  8641 | Lair:2   | 8641 ||| INVOKING Heroism.
  8648 | Lair:2   | Reached skill level 14 in Ranged Weapons
  8672 | Lair:2   | Identified the +0 plate armour of Valour {+Inv rPois}
  8691 | Lair:2   | Reached XP level 12. HP: 76/76 MP: 17/17
  8953 | Lair:2   | Identified the +9 glaive of Quantum Leap {flame, rPois
                  | Will- Str+3}
  9329 | Lair:2   | 9329 ||| READING 2 scrolls of identify.
  9329 | Lair:2   | 9329 ||| IDENTIFYING fuming coppery potion
  9349 | Lair:3   | 9349 ||| INVOKING Heroism.
  9442 | Lair:3   | 9442 ||| INVOKING Heroism.
  9446 | Lair:3   | Received a gift from Okawaru
  9456 | Lair:3   | Reached skill level 6 in Dodging
  9486 | Lair:3   | Reached skill level 9 in Invocations
  9492 | Lair:3   | 9492 ||| INVOKING Heroism.
  9531 | Lair:3   | Received a gift from Okawaru
  9532 | Lair:3   | 9532 ||| FLEEEEING.
  9533 | Lair:3   | 9533 ||| FLEEEEING.
  9534 | Lair:3   | 9534 ||| FLEEEEING.
  9535 | Lair:3   | 9535 ||| FLEEEEING.
  9536 | Lair:3   | 9536 ||| FLEEEEING.
  9537 | Lair:3   | 9537 ||| FLEEEEING.
  9538 | Lair:3   | 9538 ||| FLEEEEING.
  9564 | Lair:3   | 9564 ||| INVOKING Heroism.
  9722 | Lair:3   | 9722 ||| INVOKING Heroism.
  9748 | Lair:3   | 9748 ||| INVOKING Heroism.
  9815 | Lair:3   | Found a hole to the Spider Nest.
  9962 | Lair:3   | 9962 ||| INVOKING Heroism.
  9995 | Lair:3   | Reached skill level 15 in Ranged Weapons
 10265 | Lair:3   | Found a staircase to the Shoals.
 10271 | Lair:3   | Reached XP level 13. HP: 82/82 MP: 20/20
 10449 | Lair:3   | 10449 ||| UPGRADING to +1 hat.
 10454 | Lair:3   | 10454 ||| READING scroll labelled SIEMAPT ZOEH VIRA.
 10478 | Lair:4   | 10478 ||| INVOKING Heroism.
 10479 | Lair:4   | 10479 ||| INVOKING Finesse.
 10515 | Lair:4   | 10515 ||| STAIRDANCE
 10521 | Lair:3   | HP: 19/82 [cane toad (16)]
 10522 | Lair:3   | 10522 ||| READING 4 scrolls of teleportation.
 10523 | Lair:3   | 10523 ||| DRINKING potion of heal wounds.
 10725 | Lair:4   | 10725 ||| INVOKING Heroism.
 10729 | Lair:4   | Reached skill level 16 in Ranged Weapons
 10795 | Lair:4   | 10795 ||| INVOKING Heroism.
 10837 | Lair:4   | 10837 ||| INVOKING Heroism.
 10863 | Lair:4   | HP: 21/84 [eight-headed hydra (6)]
 10864 | Lair:4   | 10864 ||| READING 3 scrolls of teleportation.
 10864 | Lair:4   | HP: 8/84 [eight-headed hydra (4)]
 10866 | Lair:4   | Slain by an eight-headed hydra

Levels and vault maps discovered:
D:1:      lemuel_arrival_hallway, layout_basic
D:2:      layout_loops_corners
D:3:      layout_basic
D:4:      layout_loops_cross, serial_shops, shop, nicolae_shop_stone,
          minmay_ruined_shrine, uniq_edmund, uniq_grinder
D:5:      layout_basic, nicolae_qazlal_beasts_of_the_sky, lemuel_tele_altar,
          minmay_temple_entry_trees, uniq_prince_ribbit1
D:6:      layout_loops_corners
D:7:      layout_basic, elyvilon_altar_1, mainiacjoe_overflow_catwalk
D:8:      cheibrodos_steamvent, layout_layer_cave, serial_park_tiny_1
D:9:      layout_rooms, lair_entry_dummy, uniq_erica
Temple:   minmay_temple_bridge_d
Lair:1:   layout_regular_city, gauntlet_entry_generic,
          chequers_serial_rivers_large_b, grunt_megastairs_3,
          infiniplex_staircase_pool
Lair:2:   layout_loops_ring, serial_forest, infiniplex_forest_clump_diagonal,
          infiniplex_forest_join, infiniplex_forest_end_double,
          infiniplex_forest_straight_4, infiniplex_forest_join,
          infiniplex_forest_straight_3
Lair:3:   layout_chaotic_city, minmay_shoals_entry_lonely_mermaid,
          spider_nest_entry_rubble, grunt_megastairs_1
Lair:4:   layout_cave_shapes

Skill      XL: |  1  2  3  4  5  6  7  8  9 10 11 12 13 |
---------------+----------------------------------------+-----
Ranged Weapons | 3 4 6 7 9 10 12 14 15 16 | 16.0
Fighting       | 2 3 4 5 7 8 9 10 11 | 11.0
Armour         | 1 3 4 |  4.3
Dodging        | 2 3 5 6 |  6.1
Invocations    | 4 7 10 | 10.0
Spellcasting   | |  1.0
Hexes          | |  2.6

Action                     |  1- 3 |  4- 6 |  7- 9 | 10-12 | 13-15 || total
---------------------------+-------+-------+-------+-------+-------++-------
   Fire: Sling             |    85 |       |       |       |       ||    85
         Orcbow            |    11 |    48 |   215 |   544 |   133 ||   951
 Invoke: Heroism           |       |       |     4 |    20 |     4 ||    28
         Finesse           |       |       |       |       |     1 ||     1
    Use: Scroll            |     9 |       |     8 |     6 |     3 ||    26
         Potion            |     3 |       |     2 |     1 |     1 ||     7
 Armour: Robe              |     6 |       |       |       |       ||     6
         Ring mail         |       |    11 |    41 |       |       ||    52
         Steam dragon scal |       |       |       |     9 |       ||     9
         Leather armour    |       |       |       |    52 |    67 ||   119
  Dodge: Dodged            |    22 |     6 |    47 |   141 |   196 ||   412

Table legend:
 A = Non-vault XP
 B = Vault XP
 C = Vault XP percentage of total XP
 D = Non-vault monster count
 E = Vault monster count
 F = Vault count percentage of total count
                 A         B        C        D         E       F
            +---------+---------+-------+---------+---------+-------
      Total |   35891 |    4642 |  11.5 |     293 |      26 |   8.2
            +---------+---------+-------+---------+---------+-------
        D:1 |      17 |       0 |   0.0 |      10 |       0 |   0.0
        D:2 |      47 |       0 |   0.0 |      19 |       0 |   0.0
        D:3 |      90 |       0 |   0.0 |      21 |       0 |   0.0
        D:4 |     204 |     701 |  77.5 |      21 |      12 |  36.4
        D:5 |     600 |     387 |  39.2 |      12 |       2 |  14.3
        D:6 |    1072 |       0 |   0.0 |      31 |       0 |   0.0
        D:7 |    1628 |       0 |   0.0 |       9 |       0 |   0.0
        D:8 |    2487 |     567 |  18.6 |      30 |       3 |   9.1
        D:9 |    1320 |     839 |  38.9 |      24 |       1 |   4.0
     Lair:1 |    6356 |     173 |   2.6 |      31 |       2 |   6.1
     Lair:2 |    3524 |       0 |   0.0 |      18 |       0 |   0.0
     Lair:3 |   11103 |    1975 |  15.1 |      38 |       6 |  13.6
     Lair:4 |    7443 |       0 |   0.0 |      29 |       0 |   0.0
            +---------+---------+-------+---------+---------+-------
